 Dungeon Crawl Stone Soup version 0.25.0-1-g7eea58d (webtiles) character file.

Game seed: 17016615077722895600

112 yaymichael the Charlatan (level 4, -7/22 HPs)
             Began as a Spriggan Artificer on June 21, 2020.
             Mangled by a mummy (13 damage)
             ... on level 4 of the Dungeon.
             The game lasted 00:06:25 (2879 turns).

yaymichael the Charlatan (Spriggan Artificer)       Turns: 2879, Time: 00:06:25

Health: -7/22      AC: 10    Str:  8    XL:     4   Next: 63%
Magic:  8/8        EV: 19    Int: 12    God:
Gold:   97         SH:  5    Dex: 17    Spells: 3/3 levels left

rFire    . . .     SeeInvis +   j - +1 dagger (protect)
rCold    . . .     Gourm    .   (shield restricted)
rNeg     . . .     Faith    .   b - +0 robe
rPois    .         Spirit   .   (helmet restricted)
rElec    .         Reflect  +   g - +0 cloak
rCorr    .         Harm     .   (gloves unavailable)
MR       .....                  (boots unavailable)
Stlth    +++.......             s - amulet of reflection (curse)
HPRegen  0.07/turn              (no ring)
MPRegen  0.11/turn              (no ring)

@: protection aura, hasted, very quick
A: very small, unfitting armour, see invisible, herbivore, speed 3, slow
metabolism 2
a: no special abilities


You were on level 4 of the Dungeon.
You were not hungry.

You visited 1 branch of the dungeon, and saw 4 of its levels.

You collected 97 gold pieces.

Inventory:

Hand Weapons
 a - a +0 short sword
 h - a +0 short sword
 j - a +1 dagger of protection (weapon)
Armour
 b - a +0 robe (worn)
 g - a +0 cloak (worn)
Jewellery
 s - a cursed amulet of reflection (around neck)
Wands
 c - a wand of flame (7)
 d - a wand of enslavement (13)
 e - a wand of random effects (15)
Scrolls
 k - a scroll of teleportation
 m - a scroll of enchant armour {unknown}
Potions
 i - 3 potions of berserk rage
 l - 3 potions of heal wounds
 n - a potion of mutation {unknown}
 q - a potion of haste
 r - 2 potions of brilliance {unknown}
Comestibles
 f - 5 rations


   Skills:
 + Level 1.2 Fighting
 * Level 2.7 Short Blades
 * Level 3.6 Dodging
 * Level 4.0 Stealth
 + Level 4.9 Evocations


You had 3 spell levels left.
You didn't know any spells.
Your spell library was empty.

Dungeon Overview and Level Annotations

Branches:
Dungeon (4/15)
 Temple: D:4-7

Altars:
Ru

Portals:
Ossuary: D:4


Innate Abilities, Weirdness & Mutations

You are very small and have problems with some larger weapons.
You are too small for most types of armour.
You have supernaturally acute eyesight. (SInv)
You are a herbivore.
You cover ground extremely quickly.
You need to consume almost no food.


Message History

You open the door.
A mummy comes into view.
Found a sand-covered staircase.
You are too injured to fight recklessly!
There is an open door here.
You hit the mummy.
Your weapon exudes an aura of protection.
The mummy is lightly damaged.
You hit the mummy but do no damage.
The mummy is lightly damaged.
The mummy completely misses you.
You barely miss the mummy.
The mummy is lightly damaged.
You hit the mummy.
The mummy is moderately damaged.
You hit the mummy.
The mummy is moderately damaged.
The mummy hits you!
Ouch! That really hurt!
You die...

##### ##...#
##.a#.####
##..##....##
##..###.....##
##..##.#......####
#..##..#......†..##
#.##M@.'......<...#
#..##..#.....#....####
##..##.#....###.#.....
#...###..###*#.######
#.#..##..# **..#*****
#.....#.##**....,,,,.
###.....#*,,.###***##
#.)...#*,#.****
#(....#,,,,,,,*


You could see a mummy.

Vanquished Creatures
  4 adders (D:2)
  A worm (D:4)
  2 dart slugs
  A leopard gecko (D:2)
  6 bats
  3 giant cockroaches
  6 goblins
  6 hobgoblins
  A jackal (D:4)
  4 kobolds
  2 ball pythons (D:1)
  3 frilled lizards
  A rat (D:2)
40 creatures vanquished.

Vanquished Creatures (collateral kills)
  A scorpion (D:4)
  An orc (D:4)
  A jackal (D:4)
  A quokka (D:4)
4 creatures vanquished.

Grand Total: 44 creatures vanquished

Notes
Turn   | Place    | Note
-------+----------+-------------------------------------------
     0 | D:1      | yaymichael the Spriggan Artificer began the quest for the
                  | Orb.
     0 | D:1      | Reached XP level 1. HP: 9/9 MP: 4/4
    39 | D:1      | Reached skill level 1 in Fighting
   193 | D:1      | Reached XP level 2. HP: 14/14 MP: 6/6
   932 | D:2      | Reached XP level 3. HP: 12/18 MP: 7/7
  2001 | D:2      | Found a sacrificial altar of Ru.
  2038 | D:2      | Reached XP level 4. HP: 14/22 MP: 8/8
  2871 | D:4      | Found a sand-covered staircase.
  2879 | D:4      | Mangled by a mummy

Illustrated notes

Levels and vault maps discovered:
D:1:      dpeg_arrival_orchard, layout_loops_ring
D:2:      layout_basic, nicolae_ru_awakened_eye
D:3:      layout_basic, nicolae_overflow_crystal_walls, first_ration,
          cheibrodos_gnoll_hut
D:4:      layout_rooms, grunt_temple_overflow_magic_moments, marbit_many_paths,
          gup_ossuary_entry_pyramid

Skill      XL: |  1  2  3  4 |
---------------+-------------+-----
Fighting       | 1 |  1.2
Stealth        | 2 3 4 |  4.0
Short Blades   | 2 |  2.7
Dodging        | |  3.6
Evocations     | |  4.9

Action                   |  1- 3 |  4- 6 || total
-------------------------+-------+-------++-------
Melee: Short sword       |   109 |       ||   109
       Dagger            |     9 |    54 ||    63
Evoke: Wand              |     7 |     3 ||    10
  Use: Scroll            |     3 |     5 ||     8
       Potion            |       |     1 ||     1
 Stab: Sleeping          |     8 |     2 ||    10
Armor: Robe              |    21 |     7 ||    28
Dodge: Dodged            |    97 |    40 ||   137
Block: Other             |       |     3 ||     3
